 Dungeon Sprint DCSS version 0.19-a0-1932-g59670f6 (webtiles) character file.

2218 poirepourri the Covert (level 9, -5/43 HPs)
             Began as a Spriggan Enchanter on Oct 25, 2016.
             Was a Believer of Dithmenos.
             Slain by a centaur warrior (13 damage)
             ... in the Dungeon (Sprint III: "The Ten Rune Challenge").
             The game lasted 00:02:36 (1040 turns).

poirepourri the Covert (Spriggan Enchanter)         Turns: 1040, Time: 00:02:37

Health: -5/43      AC:  3    Str:  4    XL:     9   Next: 13%
Magic:  7/25       EV: 24    Int: 17    God:    Dithmenos [**....]
Gold:   30         SH:  0    Dex: 19    Spells: 5 memorised, 19 levels left

rFire  . . .     SeeInvis +     a - +1 dagger
rCold  . . .     Gourm    .     b - +1 robe
rNeg   . . .     Faith    .     (shield restricted)
rPois  .         Spirit   .     (helmet restricted)
rElec  .         Reflect  .     (no cloak)
rCorr  .         Harm     .     (gloves unavailable)
MR     +....     NoTele   +     (boots unavailable)
Stlth  ++++++++..               (no amulet)
                                (no ring)
                                (no ring)

@: wreathed by umbra, very quick
A: unfitting armour, see invisible, herbivore 3, speed 3, slow metabolism 2
a: Shadow Step, Renounce Religion


You were in the Dungeon.
You worshipped Dithmenos.
Dithmenos was pleased with you.
You were not hungry.

You visited 1 branch You collected 30 gold pieces.

Inventory:

Hand Weapons
 a - a +1 dagger (weapon)
Armour
 b - a +1 robe (worn)
Wands
 h - a wand of flame (19/48)
Scrolls
 j - a scroll of blinking
 k - a scroll of torment {unknown}
 p - a scroll of immolation {unknown}
Potions
 g - a potion of haste
 i - 2 potions of mutation
 l - a potion of berserk rage
 m - a potion of might
 n - a potion of cure mutation
 o - 5 potions of flight
Books
 c - a book of Maledictions

   Spells                             Type                      Level
   a - Corona                         Hexes                        1
   b - Ensorcelled Hibernation        Hexes/Ice                    2
   c - Confuse                        Hexes                        3
   d - Tukima's Dance                 Hexes                        3
   e - Dazzling Spray                 Conjuration/Hexes            3
 f - a book of Minor Magic

   Spells                             Type                      Level
   a - Magic Dart                     Conjuration                  1
   b - Blink                          Translocation                2
   c - Call Imp                       Summoning                    2
   d - Repel Missiles                 Charms/Air                   2
   e - Slow                           Hexes                        2
   f - Conjure Flame                  Conjuration/Fire             3
   g - Mephitic Cloud                 Conjuration/Poison/Air       3
Comestibles
 d - 3 bread rations
 q - a royal jelly


   Skills:
 + Level 2.6 Fighting
 + Level 7.3 Short Blades
 + Level 7.5 Dodging
 + Level 14.9 Stealth
 + Level 11.8 Spellcasting
 + Level 3.5 Conjurations
 + Level 11.7 Hexes
 + Level 5.8 Ice Magic


You had 19 spell levels left.
You knew the following spells:

 Your Spells              Type           Power        Failure   Level  Hunger
a - Corona                Hex            ######.      1%          1    None
b - Ensorcelled Hibernat  Hex/Ice        #####.       1%          2    None
c - Confuse               Hex            ######..     1%          3    None
d - Tukima's Dance        Hex            ######..     1%          3    None
e - Dazzling Spray        Conj/Hex       #####.       1%          3    None


Dungeon Overview and Level Annotations

Branches:
Dungeon (1/1)

Altars:
Cheibriados
Dithmenos
Elyvilon
Fedhas
Gozag
Hepliaklqana
Kikubaaqudgha
Makhleb
Nemelex Xobeh
Okawaru
Qazlal
Ru
Sif Muna
Trog
Uskayaw
Vehumet
Xom
Yredelemnul
Zin
The Shining One
Beogh
Jiyva
Lugonu


Innate Abilities, Weirdness & Mutations

You are very small and have problems with some larger weapons.
You are too small for most types of armour.
You have supernaturally acute eyesight. (SInv)
You are a herbivore.
You cover ground extremely quickly.
You need consume almost no food.


Message History

The centaur is heavily wounded.
The centaur misses you. The centaur warrior hits you!
* * * LOW HITPOINT WARNING * * *
You hit the centaur warrior but do no damage.
The centaur warrior is lightly wounded.
The centaur barely misses the centaur warrior.
You hit the centaur warrior but do no damage.
The centaur warrior is lightly wounded.
You barely miss the centaur.
The centaur is heavily wounded.
The centaur warrior shouts, "YES!"
You catch the helpless centaur completely off-guard!
You skewer the centaur like a kebab!!!
You kill the centaur!
Dithmenos accepts your kill.
The centaur warrior looks very confused.
You hit the centaur warrior but do no damage.
The centaur warrior is lightly wounded.
The centaur warrior hits you!
You die...

)#._#,,,,,,,,,**,*,,,**≈≈≈≈**,,**
##'##,,,,,,,,,**,*,,,≈≈≈,,,,,,,,*
....#,,,,,,,,***,*,,,**≈≈≈≈**,,**
....#,,*,****,**,+,,,**,,,,+,,,,,
###'#,*,*,,***,******************
#...#+#############**************
#...#.§§§§§.#.((..+,*,*,*,+,,,≈≈*
#...#.#§§§#.#.#...#*,*,*,**,,,≈≈*
#...'.#§§§#.#.#)@)#,*,*,*,*,,,≈≈≈
'...#.#§§§#...#c..#*,*,*,**,,,≈≈≈
▓▓▓▓▓▓▓▓▓▓▓▓▓▓▓▓▓▓#,*,*,*,*,,,,,,
*≈≈≈,,,,,,,,≈≈≈,,,**,*,*,**,,,,,,
+*≈≈≈≈≈≈≈≈≈≈≈≈**,,+,*,*,*,*,,,,,,
****************,,**,*,*,********
** *****+************
+******************,,,+,≈≈≈≈**≈,≈
,**,,**≈≈≈≈≈≈,,*,,*,,,*,≈≈≈≈*≈,≈*


You could see a centaur warrior (confused).

Vanquished Creatures
  Snorg (D)
  A deep elf mage (D)
  A shadow (D)
  A spatial vortex (D)
  A necrophage (D)
  2 centaurs (D)
  An earth elemental (D)
  A water elemental (D)
  A scorpion (D)
  A jelly (D)
  A wizard (D)
  A necromancer (D)
  3 humans (D)
  A kobold demonologist (D)
  4 rats (D)
21 creatures vanquished.

Vanquished Creatures (others)
  2 draconian scorchers (D)
  A yaktaur (D)
  6 hellions (D)
  A plant (D)
10 creatures vanquished.

Grand Total: 31 creatures vanquished

Notes
Turn   | Place    | Note
-------+----------+-------------------------------------------
     0 | D        | poirepourri the Spriggan Enchanter began the quest for the Orb.
     0 | D        | Reached XP level 1. HP: 9/9 MP: 5/5
    16 | D        | Reached skill level 5 in Stealth
   106 | D        | Killed a hellion
   106 | D        | Killed a hellion
   106 | D        | Killed a hellion
   107 | D        | Killed a hellion
   136 | D        | Reached skill level 6 in Stealth
   136 | D        | Reached skill level 5 in Hexes
   136 | D        | Reached XP level 2. HP: 2/13 MP: 5/7
   149 | D        | Killed a hellion
   172 | D        | Killed a white draconian scorcher
   184 | D        | Learned a level 2 spell: Ensorcelled Hibernation
   184 | D        | Killed a white draconian scorcher
   219 | D        | Killed a yaktaur
   337 | D        | Killed a hellion
   363 | D        | Noticed a scorpion
   422 | D        | Killed a scorpion
   422 | D        | Reached skill level 8 in Stealth
   422 | D        | Reached XP level 3. HP: 9/16 MP: 0/10
   422 | D        | Reached XP level 4. HP: 11/21 MP: 0/11
   526 | D        | Learned a level 3 spell: Confuse
   530 | D        | Learned a level 3 spell: Tukima's Dance
   534 | D        | Learned a level 3 spell: Dazzling Spray
   584 | D        | Noticed a water elemental
   671 | D        | Killed a water elemental
   671 | D        | Reached skill level 9 in Stealth
   671 | D        | Reached skill level 5 in Spellcasting
   671 | D        | Reached skill level 1 in Ice Magic
   731 | D        | Found a radiant altar of Vehumet.
   731 | D        | Found a deep blue altar of Sif Muna.
   731 | D        | Found an ancient bone altar of Kikubaaqudgha.
   731 | D        | Noticed a wizard
   736 | D        | Killed a wizard
   736 | D        | Reached XP level 5. HP: 24/24 MP: 7/14
   763 | D        | Reached skill level 5 in Dodging
   763 | D        | Reached skill level 1 in Conjurations
   889 | D        | Found a glowing silver altar of Zin.
   889 | D        | Found a glowing golden altar of the Shining One.
   889 | D        | Found a white marble altar of Elyvilon.
   890 | D        | Noticed a deep elf mage
   892 | D        | Killed a deep elf mage
   892 | D        | Reached skill level 1 in Fighting
   892 | D        | Reached skill level 5 in Short Blades
   892 | D        | Reached skill level 10 in Stealth
   892 | D        | Reached XP level 6. HP: 30/30 MP: 15/19
   892 | D        | Reached XP level 7. HP: 33/33 MP: 15/20
   925 | D        | Found a basalt altar of Yredelemnul.
   925 | D        | Found a shadowy altar of Dithmenos.
   925 | D        | Found a sacrificial altar of Ru.
   928 | D        | Reached skill level 11 in Stealth
   934 | D        | Became a worshipper of Dithmenos the Shadowed
   942 | D        | Found a hide-covered altar of Uskayaw.
   942 | D        | Found a roughly hewn altar of Beogh.
   942 | D        | Found an iron altar of Okawaru.
   942 | D        | Found a bloodstained altar of Trog.
   942 | D        | Noticed a human
   943 | D        | Noticed a human
   945 | D        | Killed a human
   945 | D        | Reached skill level 10 in Spellcasting
   945 | D        | Reached skill level 10 in Hexes
   946 | D        | Killed a human
   961 | D        | Noticed a shadow
   964 | D        | Killed a shadow
   964 | D        | Reached * piety under Dithmenos
   964 | D        | Reached skill level 12 in Stealth
   964 | D        | Reached skill level 5 in Ice Magic
   964 | D        | Reached XP level 8. HP: 39/39 MP: 21/23
   974 | D        | Found a blossoming altar of Fedhas.
   974 | D        | Found a stormy altar of Qazlal.
   974 | D        | Found a snail-covered altar of Cheibriados.
   974 | D        | Found a burning altar of Makhleb.
   974 | D        | Found a shimmering altar of Xom.
   975 | D        | Found a hazy altar of Hepliaklqana.
   975 | D        | Found an opulent altar of Gozag.
   975 | D        | Found a sparkling altar of Nemelex Xobeh.
   975 | D        | Found a corrupted altar of Lugonu.
   975 | D        | Found a viscous altar of Jiyva.
   992 | D        | Noticed Snorg
   994 | D        | Killed Snorg
   994 | D        | Reached ** piety under Dithmenos
   994 | D        | Reached skill level 14 in Stealth
   994 | D        | Reached XP level 9. HP: 43/43 MP: 23/25
  1010 | D        | Noticed a centaur warrior
  1040 | D        | Slain by a centaur warrior

Vault maps used:
D:        dungeon_sprint_mu

Skill      XL: |  1  2  3  4  5  6  7  8 |
---------------+-------------------------+-----
Hexes          | 5 6 7 9 10 11 | 11.7
Stealth        | 6 8 9 10 12 14 | 14.9
Short Blades   | 2 3 4 5 6 7 |  7.3
Spellcasting   | 3 4 5 9 10 11 | 11.8
Dodging        | 4 6 7 |  7.5
Ice Magic      | 1 4 5 |  5.8
Conjurations   | 2 3 |  3.5
Fighting       | 1 2 |  2.6

Action                   |  1- 3 |  4- 6 |  7- 9 || total
-------------------------+-------+-------+-------++-------
Melee: Dagger            |    19 |    24 |    25 ||    68
 Cast: Ensorcelled Hiber |     5 |     8 |     5 ||    18
       Dazzling Spray    |       |     7 |     2 ||     9
       Confuse           |       |       |     2 ||     2
  Use: Scroll            |     1 |     4 |       ||     5
       Potion            |     1 |     3 |     1 ||     5
 Stab: Sleeping          |     4 |     3 |    10 ||    17
       Confused          |       |       |     1 ||     1
Armor: Robe              |       |     3 |     1 ||     4
Dodge: Dodged            |    10 |    22 |    20 ||    52
